 Dungeon Crawl Stone Soup version 0.31-a0-1626-g5cb510d322 (webtiles) character file.

Game seed: 14173231525888596441

107 Ivernyr the Shield-Bearer (level 5, 0/42 HPs)
             Began as a Formicid Fighter on Jan 12, 2024.
             Slain by Duvessa
             ... wielding a +0 short sword
              (3 damage)
             ... on level 3 of the Dungeon.
             The game lasted 00:03:44 (2704 turns).

Ivernyr the Shield-Bearer (Formicid Fighter)        Turns: 2704, Time: 00:03:44

Health: 0/42       AC:  7    Str: 22    XL:     5   Next: 11%
Magic:  5/5        EV:  9    Int:  8    God:
Gold:   171        SH:  5    Dex: 13    Spells: 4/4 levels left

rFire   . . .        a - +0 quarterstaff
rCold   . . .        c - +0 buckler
rNeg    . . .        b - +0 scale mail
rPois   .            (helmet unavailable)
rElec   .            (no cloak)
rCorr   .            (no gloves)
SInv    +            (no boots)
Will    .....        (no amulet) Stlth
                     (no ring)
HPRegen 0.27/turn    (no ring)
MPRegen 0.09/turn

%: no passive effects
@: no status effects
A: permanent stasis, dig shafts and tunnels, antennae 3, four strong arms
a: Dig, Shaft Self


You were on level 3 of the Dungeon.
You visited 1 branch of the dungeon, and saw 4 of its levels.

You collected 171 gold pieces.

Inventory:

Hand Weapons
 a - a +0 quarterstaff (weapon)
Armour
 b - a +0 scale mail (worn)
 c - a +0 buckler (worn)
Scrolls
 e - 2 scrolls of teleportation {unknown}
 j - 2 scrolls of identify {unknown}
 l - a scroll of fear {unknown}
 m - a scroll of blinking {unknown}
Potions
 d - 3 potions of might
 f - 2 potions of curing {unknown}
 g - a potion of magic {unknown}
 h - 2 potions of haste {unknown}
 i - a potion of heal wounds {unknown}
 k - a potion of lignification {unknown}
 n - a potion of cancellation {unknown}
 o - a potion of attraction {unknown}


   Skills:
 + Level 4.1 Fighting
 + Level 2.9 Staves
 + Level 4.1 Armour
 + Level 4.9 Shields


You had 4 spell levels left.
You didn't know any spells.
Your spell library was empty.

Dungeon Overview and Level Annotations

Branches:
Dungeon (4/15)
 Temple: D:4-7

Altars:
Gozag

Shops:
D:1 :

Annotations:
D:3 Dowan, Duvessa
D:4 Natasha


Innate Abilities, Weirdness & Mutations

You cannot be hasted, slowed, berserked, paralysed or teleported.
You can dig through walls and to a lower floor.
You have a pair of large antennae on your head. (SInv)
Your four strong arms can wield two-handed weapons with a shield.


Message History

The orc wizard shouts!
The orc shouts!
You hear a shout!
Duvessa, Sister of Dowan comes into view.
She is wielding a +0 short sword.
An orc comes into view. It is wielding a +0 flail.
Duvessa shouts!
The orc wizard casts a spell.
The orc wizard flickers and vanishes for a moment.
Dowan, Brother of Duvessa comes into view.
He is wielding a +0 dagger.
You see here a +5 ring of evasion.
The orc closely misses you. You block the orc's attack.
The orc wizard gestures wildly while chanting.
The orc wizard flickers and vanishes for a moment.
Dowan gestures at Duvessa while chanting.
Duvessa seems to speed up.
You sock the orc!
You kill the orc!
The orc hits you with a +0 hand axe.
Natasha, Servant of Life and Death comes into view.
The orc closely misses you. Duvessa hits you with a +0 short sword!
Duvessa closely misses you. The orc closely misses you.
Things that are here:
a +0 club; an orc corpse Duvessa hits you with a +0 short sword!
Dowan hits you but does no damage. The orc attacks as it pursues you!
You block the orc's attack.
There is a stone staircase leading up, spattered with blood here.
Duvessa hits you with a +0 short sword!
* * * LOW HITPOINT WARNING * * *
Duvessa closely misses you. Dowan hits you but does no damage.
The orc closely misses you.
You climb upwards.
There is a stone staircase leading down here.
Duvessa hits you with a +0 short sword.
* * * LOW HITPOINT WARNING * * *
Dowan gestures at you while chanting. The puff of frost hits you.
* * * LOW HITPOINT WARNING * * *
You block the orc's attack. Duvessa hits you but does no damage.
Duvessa hits you with a +0 short sword.
You die...

#.# #.# #.... #.#
#.########## #.### #.#
#..........###.## #.#
#)##.#####.##..<# #.#
#.##.# #.##.#.# #.#
#e##.# #.##...# #.#
###>##.# #.##.### #.#
#.e.o..# #.##.#
#.######.#@#### #.##.#
#.....##.#.# #.##.###
#####.##.#.# #......#
#.##.#.########).....##
#.##.#.#...............
#.##.#......†......<.##
#.##.#.....#####.....#
#.##.#.###†# ###.###
#.##...# #†# #.#


You could see Duvessa (fast), Dowan and an orc.

Vanquished Creatures
  An orc priest (D:3)
  An adder (D:2)
  A dart slug (D:3)
  3 orcs
  5 endoplasms
  4 giant cockroaches
  7 goblins
  5 hobgoblins
  3 jackals (D:2)
  3 quokkas
  4 ball pythons
  5 bats
  3 frilled lizards (D:3)
  9 kobolds
  4 rats
58 creatures vanquished.

Vanquished Creatures (others)
  A hobgoblin (D:4)
1 creature vanquished.

Grand Total: 59 creatures vanquished

Notes
Turn   | Place    | Note
-------+----------+-------------------------------------------
     0 | D:1      | Ivernyr the Formicid Fighter began the quest for the Orb.
     0 | D:1      | Reached XP level 1. HP: 18/18 MP: 1/1
   156 | D:1      | Found Ifaini Jeuh's Book Shop.
   287 | D:1      | Reached XP level 2. HP: 22/24 MP: 2/2
   878 | D:2      | Reached XP level 3. HP: 29/29 MP: 3/3
  1851 | D:3      | Reached XP level 4. HP: 26/37 MP: 4/4
  2068 | D:3      | Found an opulent altar of Gozag.
  2273 | D:3      | Reached XP level 5. HP: 21/42 MP: 5/5
  2692 | D:4      | Noticed Duvessa
  2693 | D:4      | Noticed Dowan
  2698 | D:4      | Noticed Natasha
  2703 | D:3      | HP: 2/42 [Dowan/puff of frost (3)]
  2704 | D:3      | Slain by Duvessa

Illustrated notes

Levels and vault maps discovered:
D:1:      mrwooster_arrival_arrow, layout_basic, serial_shops,
          nicolae_shop_crystal
D:2:      layout_basic, serial_corexii_hall, corexii_hall_statues_s,
          chequers_hall_statues_wall_a, grunt_decor_mini_mirrors
D:3:      layout_loops_ring, grunt_gozag_statues, minmay_bisected
D:4:      layout_basic, nicolae_kikubaaqudgha_miasma_corner,
          cheibriados_altar_1, minmay_manual_mares, uniq_duvessa,
          uniq_eustachio, uniq_natasha, uniq_menkaure

Skill      XL: |  1  2  3  4 |
---------------+-------------+-----
Armour         | 4 |  4.1
Fighting       | 4 |  4.1
Staves         | |  2.9
Shields        | |  4.9

Action                     |  1- 3 |  4- 6 || total
---------------------------+-------+-------++-------
  Melee: Quarterstaff      |    97 |    55 ||   152
 Armour: Scale mail        |    72 |    45 ||   117
  Dodge: Dodged            |    52 |    28 ||    80
  Block: Buckler           |    25 |    15 ||    40

Table legend: (Time is in decaauts)
 A = Elapsed time spent in this place.
 B = Non-inter-level travel time spent in this place.
 C = Inter-level travel time spent in this place.
 D = Time resting spent in this place.
 E = Time spent auto-exploring this place.
 F = Levels seen in this place.
 G = Mean time per level.
                   A        B        C        D        E       F      G
               +--------+--------+--------+--------+--------+-----+--------+
         Total |   2735 |   2676 |     59 |    123 |   2087 |   4 |  683.8 |
       Dungeon |   2735 |   2676 |     59 |    123 |   2087 |   4 |  683.8 |
               +--------+--------+--------+--------+--------+-----+--------+

Top non-repeatable levels by time:
     D:2: 1078 daAuts
     D:3: 861 daAuts
     D:1: 783 daAuts
     D:4: 13 daAuts
